 Dungeon Crawl Stone Soup version 0.31.0-9-g3a7656b989 (webtiles) character file.

Game seed: 9491959752726668312

85 Gottschkopf the Conjurer (level 4, -5/24 HPs)
             Began as a Deep Elf Conjurer on Feb 4, 2024.
             Asphyxiated
             ... in a sewer.
             The game lasted 00:04:56 (1926 turns).

Gottschkopf the Conjurer (Deep Elf Conjurer)        Turns: 1926, Time: 00:04:57

Health: -5/24      AC:  3    Str:  4    XL:     4   Next: 25%
Magic:  6/10       EV: 12    Int: 25    God:
Gold:   17         SH:  0    Dex: 13    Spells: 2/9 levels left

rFire   . . .        f - +1 dagger
rCold   . . .        (no shield)
rNeg    . . .        a - +0 robe
rPois   .            d - +0 helmet
rElec   .            (no cloak)
rCorr   .            (no gloves)
SInv    .            (no boots)
Will    .....        (no amulet)
Stlth   ++           (no ring)
HPRegen 0.24/turn    (no ring)
MPRegen 0.12/turn

%: no passive effects
@: lethally poisoned (-5 -> -27), slowed, very slow
A: no striking features
a: no special abilities


You were in a sewer.
You visited 1 branch of the dungeon, and saw 3 of its levels.
You also visited: Sewer.

You collected 53 gold pieces.
You spent 36 gold pieces at shops.

Inventory:

Hand Weapons
 f - a +1 dagger (weapon)
Armour
 a - a +0 robe (worn)
 d - a +0 helmet (worn)
 j - an orb of guile
Scrolls
 c - a scroll of teleportation {unknown}
 n - 2 scrolls of identify
 o - a scroll of immolation {unknown}
Potions
 e - a potion of degeneration
 i - a potion of curing
 k - a potion of might {unknown}
 m - 2 potions of ambrosia {unknown}


   Skills:
 - Level 2.4 Dodging
 - Level 2.4 Stealth
 - Level 3.0 Spellcasting
 * Level 6.3 Conjurations
 + Level 0.3 Alchemy


You had 2 spell levels left.
You knew the following spells:

 Your Spells              Type           Power      Damage    Failure   Level
a - Magic Dart            Conj           100%       1d8       1%          1
b - Searing Ray           Conj           70%        2d7       1%          2
c - Fulminant Prism       Conj/Alch      10%        3d9       26%         4

Your spell library contained the following spells:

 Spells                   Type           Power      Damage    Failure   Level
 Iskenderun's Mystic Bla  Conj/Tloc      19%        2d6       26%         4


Dungeon Overview and Level Annotations

Branches:
Dungeon (3/15)              Sewer (1/1)

Altars:

Shops:
D:2 !(:


Message History

You kill the kobold!
The blast of energy engulfs the kobold!
You kill the kobold!
You hear an angry hiss.
Casting: Fulminant Prism (astonishingly dangerous; 26% risk of failure)
Confirm with . or Enter, or press ? or * to list all spells.
Aiming: Fulminant Prism (astonishingly dangerous; 26% risk of failure)
Press: ? - help, Dir - move target You conjure a prism of explosive energy!
A fulminant prism comes into view.
You feel sick.
You feel sick.
The kobold brigand throws a poisoned dart.
The poisoned dart hits you!
You are more poisoned.
Your fulminant prism crackles loudly.
You feel sick.
The kobold brigand hits your fulminant prism with a +0 dagger.
Your fulminant prism explodes!
The blast of energy engulfs the kobold brigand.
The kobold brigand is lightly wounded.
The blast of energy engulfs the kobold brigand but does no damage.
Magic courses through your body.
You feel very sick.
The kobold brigand throws a curare-tipped dart.
The curare-tipped dart hits you.
You are lethally poisoned!
You have difficulty breathing.
You feel yourself slow down.
Casting: Fulminant Prism (astonishingly dangerous; 26% risk of failure)
Confirm with . or Enter, or press ? or * to list all spells.
Aiming: Fulminant Prism (astonishingly dangerous; 26% risk of failure)
Press: ? - help, Dir - move target You conjure a prism of explosive energy!
A fulminant prism comes into view.
* * * LOW HITPOINT WARNING * * *
You feel extremely sick.
The kobold brigand throws a curare-tipped dart.
The curare-tipped dart hits you.
You are more poisoned.
You have difficulty breathing.
You die...

#..?!#~≈~#
##''##~~~#
#.)..#~≈~#
###...P#~≈~#
#...K~~~~≈~#
##.KKP~~~≈~#
##...~P#~≈~#
#..*.~~#~~~#
#....@.#~≈~#
#......#~≈~~~
#......#~≈~~~~
#.P....#~≈~~P.
##.....#
#.....#
#.....#
#.....#


You could see 2 kobold brigands, a kobold and a friendly fulminant prism.

Vanquished Creatures
  3 adders
  2 dart slugs (D:1)
  An orc (D:2)
  4 bats
  6 endoplasms
  3 giant cockroaches
  3 goblins (D:1)
  4 hobgoblins
  3 jackals (D:2)
  6 kobolds
  5 quokkas
  4 ball pythons
  3 frilled lizards
  3 rats
50 creatures vanquished.

Vanquished Creatures (others)
  2 fulminant prisms (Sewer)
2 creatures vanquished.

Grand Total: 52 creatures vanquished

Notes
Turn   | Place    | Note
-------+----------+-------------------------------------------
     0 | D:1      | Gottschkopf the Deep Elf Conjurer began the quest for the
                  | Orb.
     0 | D:1      | Reached XP level 1. HP: 10/10 MP: 6/6
   338 | D:1      | Reached XP level 2. HP: 15/15 MP: 1/8
   439 | D:1      | Reached skill level 5 in Conjurations
  1084 | D:2      | Found Zajot's Distillery.
  1101 | D:2      | Bought a potion of curing for 36 gold pieces
  1110 | D:2      | Found Ecaqub's Weapon Shoppe.
  1131 | D:2      | Reached XP level 3. HP: 19/19 MP: 7/9
  1134 | D:2      | Learned a level 2 spell: Searing Ray
  1239 | D:2      | Found Yvow's Book Boutique.
  1711 | D:3      | Reached skill level 6 in Conjurations
  1793 | D:3      | Reached XP level 4. HP: 23/24 MP: 8/10
  1796 | D:3      | Found a glowing drain.
  1849 | Sewer    | Entered a sewer
  1868 | Sewer    | Learned a level 4 spell: Fulminant Prism
  1916 | Sewer    | Noticed a kobold brigand
  1916 | Sewer    | Noticed a kobold brigand
  1926 | Sewer    | Asphyxiated

Illustrated notes

Levels and vault maps discovered:
D:1:      minmay_arrival_split_and_join, layout_basic
D:2:      layout_rooms, serial_shops, shop, nicolae_shop_bloodbath_and_beyond,
          shop
D:3:      layout_basic, nicolae_tso_swordbearing_angel, portal_sewer_entry_f,
          hellmonk_ecumenical_altar_slurped_away, minmay_joined_circles,
          uniq_jessica, uniq_sigmund
Sewer:    kennysheep_pipe_town

Skill      XL: |  1  2  3 |
---------------+----------+-----
Conjurations   | 5 6 |  6.3
Dodging        | |  2.4
Stealth        | |  2.4
Spellcasting   | |  3.0
Alchemy        | |  0.3

Action                     |  1- 3 |  4- 6 || total
---------------------------+-------+-------++-------
   Cast: Magic Dart        |    76 |    10 ||    86
         Fulminant Prism   |       |     3 ||     3
    Use: Scroll            |     4 |       ||     4
         Potion            |       |     1 ||     1
 Armour: Robe              |     7 |     3 ||    10
  Dodge: Dodged            |    18 |     4 ||    22
